 Dungeon Crawl Stone Soup version 0.29.1-1-gd02db69 (webtiles) character file.

Game seed: 18064208619839204536

15895 Timinator the Martial Artist (level 11, -5/94 HPs)
             Began as a Demigod Transmuter on Jan 12, 2023.
             Slain by a minotaur
             ... wielding a +0 battleaxe of flaming
              (12 damage)
             ... in a Gauntlet.
             The game lasted 00:45:03 (18207 turns).

Timinator the Martial Artist (Demigod Transmuter)  Turns: 18207, Time: 00:45:03

Health: -5/94      AC:  9    Str: 15    XL:     11   Next: 74%
Magic:  0/17       EV: 24    Int: 15    God:
Gold:   685        SH:  0    Dex: 22    Spells: 7/14 levels left

rFire   + . .      SeeInvis .     - Unarmed
rCold   . . .      Faith    .   (no shield)
rNeg    . . .      Spirit   +   B - +3 leather armour {rPois}
rPois   +          Reflect  .   (helmet currently unavailable)
rElec   .          Harm     .   t - +1 cloak of Death Resistance {rPois Slay+3}
rCorr   .          Rampage  .   x - +0 pair of gloves
Will    +....      NoTele   +   (boots currently unavailable)
Stlth   ++........              H - amulet of guardian spirit
HPRegen 0.25/turn               l - +4 ring of evasion
MPRegen 0.15/turn               M - +4 ring of evasion

@: appendages, wereblooded, hasted, very quick
A: horns 2, talons 2, high MP 1, forlorn, divine attributes, fire resistance 1
a: End Transformation


You were in a Gauntlet.
You had temporarily grown beastly horns and talons.
You visited 2 branches of the dungeon, and saw 12 of its levels.
You also visited: Gauntlet.

You collected 685 gold pieces.

Inventory:

Missiles
 D - 4 javelins (quivered)
Armour
 a - a scarf of invisibility
 b - +0 steam dragon scales
 m - a +0 ring mail
 t - the +1 cloak of Death Resistance (worn) {rPois Slay+3}
   (You found it in a Gauntlet)

   Slay:      It affects your accuracy & damage with ranged weapons and melee
   (+3).
   rPois:     It protects you from poison.
 x - a +0 pair of gloves (worn)
 B - a +3 leather armour of poison resistance (worn)
 C - a +0 helmet (melded)
Jewellery
 l - a +4 ring of evasion (left hand)
 s - a +6 ring of strength
 H - an amulet of guardian spirit (around neck)
 M - a +4 ring of evasion (right hand)
Wands
 z - a wand of digging (5)
 F - a wand of mindburst (22)
 I - a wand of flame (38)
 L - a wand of paralysis (3)
Scrolls
 c - 4 scrolls of fear
 d - 8 scrolls of teleportation
 f - 5 scrolls of amnesia
 n - a scroll of summoning
 p - a scroll of blinking
 r - 2 scrolls of enchant weapon {unknown}
 u - a scroll of silence
 v - 3 scrolls of vulnerability
 y - a scroll of butterflies
Potions
 e - 2 potions of brilliance {unknown}
 g - 2 potions of attraction {unknown}
 i - 5 potions of curing
 j - 3 potions of mutation
 k - a potion of magic {unknown}
 q - 3 potions of flight
 w - 3 potions of resistance {unknown}
 G - a potion of ambrosia {unknown}
 K - a potion of degeneration {unknown}
Miscellaneous
 o - a condenser vane (inert)


   Skills:
 * Level 7.8 Fighting
 - Level 3.0 Armour
 * Level 6.5 Dodging
 + Level 11.8 Unarmed Combat
 - Level 2.0 Spellcasting
 * Level 9.1 Transmutations
 - Level 3.0 Ice Magic


You had 7 spell levels left.
You knew the following spells:

 Your Spells              Type           Power      Damage    Failure   Level
a - Beastly Appendage     Tmut           56%        N/A       1%          1
b - Wereblood             Tmut           28%        N/A       1%          2
c - Ice Form              Ice/Tmut       19%        N/A       22%         4

Your spell library contained the following spells:

 Spells                   Type           Power      Damage    Failure   Level
 Spider Form              Tmut/Pois      15%        N/A       13%         3
 Anguish                  Hex/Necr       0%         N/A       95%         4
 Corpse Rot               Necr/Pois/Air  1%         N/A       95%         4
 Dispel Undead            Necr           1%         3d6       95%         4
 Death Channel            Necr           0%         N/A       100%        6
 Enfeeble                 Hex            0%         N/A       100%        7


Dungeon Overview and Level Annotations

Branches:
Dungeon (10/15)            Temple (0/1) D:7            Lair (2/5) D:8
  Snake (0/4) Lair:2          Orc (0/2) D:9         Gauntlet (1/1)
  Swamp: Lair:2-3    Shoals: Lair:2-3

Shops:
D:6 *

Portals:
Abyss: D:7

Annotations:
Gauntlet 6 transporters


Innate Abilities, Weirdness & Mutations

You have temporarily grown beastly horns and talons.
You have an increased reservoir of magic. (+10% MP)
You shall have no god before yourself.
Your divine heritage dramatically boosts your attributes as you level up.
Your flesh is heat resistant. (rF+)


Message History

The minotaur burns you. The minotaur gores you.
You hit the minotaur but do no damage. You claw the minotaur.
The minotaur is moderately wounded.
You barely miss the minotaur. Your kick misses the minotaur.
The minotaur is moderately wounded.
The minotaur hits you but does no damage.
The minotaur misses you.
You punch the minotaur!
You claw the minotaur, but do no damage.
The minotaur is heavily wounded.
You closely miss the minotaur.
The minotaur furiously retaliates!
The minotaur headbutts you!
You claw the minotaur, but do no damage.
You headbutt the minotaur.
The minotaur is heavily wounded.
The minotaur hits you with a +0 battleaxe of flaming!
The minotaur misses you.
Aiming: Paralyse
Press: ? - help, Shift-Dir - straight line, f - minotaur
Aim: a minotaur, wielding a +0 battleaxe of flaming, wearing a +0 chain mail, wearing an amulet of guardian spirit and quivering javelins (heavily wounded, chance to affect: 1%)
Okay, then.
Aiming: Mindburst
Press: ? - help, Shift-Dir - straight line, f - minotaur
Aim: a minotaur, wielding a +0 battleaxe of flaming, wearing a +0 chain mail, wearing an amulet of guardian spirit and quivering javelins (heavily wounded, chance to affect: 6%)
Okay, then.
Clouds of noxious fumes condense around you!
The condenser dries out!
The minotaur is engulfed in noxious fumes.
The minotaur appears confused.
You hit the minotaur. You claw the minotaur!
You headbutt the minotaur, but do no damage.
You punch the minotaur.
The minotaur is severely wounded.
The minotaur is engulfed in noxious fumes.
The minotaur hits you with a +0 battleaxe of flaming!!!
* * * LOW HITPOINT WARNING * * *
The minotaur burns you.
* * * LOW HITPOINT WARNING * * *
The minotaur gores you!
You die...

#...##...##≈.#.#^..
#.#.##.⌠.###.#§#.©. #
#.#......##..#)#..^ ##'
#.#.##.⌠.#...#..### #.⌠.
#...##...#.∩.#^....
#...∩##§#.##.©.#...######
+⌠...§§§#......#.⌠.....#.
#..⌠.##H#.##.©.#...######
###+ #.@.##...#.∩.#ZB8#8
#.#.##.⌠.#...#B..8Z
#.#......##..#!.8.8
#.#.##.⌠.###.#©8.©.
#...##...##≈.#/.8.8
######.⌠.#≈≈.#...8.
##≈.#..8#8 ##.######
#≈.......


You could see a minotaur (confused).

Vanquished Creatures
  A reaper (Gauntlet)
  Erica (Lair:1)
  A two-headed ogre (D:10)
  A necromancer (D:10)
  2 black mambas
  2 torpor snails (Gauntlet)
  3 cane toads
  A kobold demonologist (D:10)
  A rime drake (Lair:2)
  A hellwing (Gauntlet)
  A komodo dragon (Lair:1)
  A hornet (D:9)
  4 blink frogs (Lair:2)
  22 yaks
  Sigmund (D:4)
  A vampire (D:10)
  2 wyverns (D:9)
  Eustachio (D:5)
  A basilisk (Lair:1)
  4 steam dragons
  A warg (D:9)
  5 nagas (Lair:2)
  An acid dragon (D:9)
  8 water moccasins
  Duvessa (D:7)
  3 black bears
  4 orc warriors
  3 ice beasts
  A centaur (D:9)
  2 phantoms
  2 kobold brigands
  3 bullfrogs
  3 scorpions
  3 wights (D:9)
  Dowan (D:7)
  A howler monkey (D:5)
  An electric eel (Lair:1)
  5 orc priests
  3 hounds
  4 jellies
  4 iguanas
  7 hell rats (Lair:1)
  7 orc wizards
  5 polar bear simulacra (D:10)
  2 yak simulacra (D:10)
  2 wolf simulacra (D:10)
  8 adders
  A shadow imp (Gauntlet)
  6 worms
  6 dart slugs
  35 orcs
  9 ball pythons
  7 endoplasms
  7 giant cockroaches
  6 hobgoblins
  8 jackals
  2 quokkas
  9 bats
  7 frilled lizards
  10 goblins
  9 kobolds
  2 rats (D:3)
  2 river rat simulacra (D:10)
  A lurking horror (D:7)
269 creatures vanquished.

Vanquished Creatures (others)
  3 fungi
  4 plants
7 creatures vanquished.

Grand Total: 276 creatures vanquished

Notes
Turn   | Place    | Note
-------+----------+-------------------------------------------
     0 | D:1      | Timinator the Demigod Transmuter began the quest for the
                  | Orb.
     0 | D:1      | Reached XP level 1. HP: 15/15 MP: 5/5
   228 | D:1      | Reached skill level 1 in Fighting
   406 | D:1      | Reached skill level 3 in Unarmed Combat
   406 | D:1      | Reached XP level 2. HP: 16/23 MP: 5/7
   917 | D:1      | Learned a level 2 spell: Wereblood
  1015 | D:2      | Reached XP level 3. HP: 22/28 MP: 5/8
  1196 | D:2      | Reached skill level 1 in Armour
  2213 | D:3      | Reached XP level 4. HP: 35/35 MP: 7/9
  2502 | D:3      | Reached XP level 5. HP: 30/41 MP: 7/10
  3102 | D:4      | Noticed Sigmund
  3114 | D:4      | Killed Sigmund
  3115 | D:4      | Reached skill level 4 in Unarmed Combat
  3115 | D:4      | Reached XP level 6. HP: 48/48 MP: 9/11
  4502 | D:5      | Entered Level 5 of the Dungeon
  4743 | D:5      | Reached skill level 5 in Unarmed Combat
  4743 | D:5      | Reached XP level 7. HP: 53/56 MP: 11/13
  4855 | D:5      | Gained mutation: You have sharp toenails. [potion of
                  | mutation]
  4855 | D:5      | Gained mutation: Your system is resistant to poisons.
                  | (rPois) [potion of mutation]
  4886 | D:5      | Noticed Eustachio
  4896 | D:5      | Killed Eustachio
  4903 | D:5      | Learned a level 4 spell: Ice Form
  5961 | D:5      | Reached skill level 6 in Unarmed Combat
  6392 | D:6      | Reached XP level 8. HP: 60/66 MP: 12/14
  6825 | D:6      | Found Hiw Vemy's Serpentskin Sales.
  6849 | D:6      | Reached skill level 7 in Unarmed Combat
  6849 | D:6      | Reached skill level 5 in Transmutations
  7343 | D:7      | Found a one-way gate to the infinite horrors of the Abyss.
  7613 | D:7      | Found a staircase to the Ecumenical Temple.
  8045 | D:7      | Noticed Duvessa
  8045 | D:7      | Noticed Dowan
  8051 | D:7      | Killed Duvessa
  8052 | D:7      | Reached skill level 5 in Fighting
  8055 | D:7      | Killed Dowan
  8056 | D:7      | Reached XP level 9. HP: 74/74 MP: 15/15
  8064 | D:7      | Reached skill level 1 in Ice Magic
  8537 | D:8      | Reached skill level 8 in Unarmed Combat
  9156 | D:8      | Found a staircase to the Lair.
 10025 | D:9      | Reached skill level 9 in Unarmed Combat
 10685 | D:9      | Found a staircase to the Orcish Mines.
 10899 | D:9      | Reached XP level 10. HP: 35/83 MP: 8/16
 11356 | D:10     | Entered Level 10 of the Dungeon
 11847 | D:10     | Learned a level 1 spell: Beastly Appendage
 11875 | D:10     | Noticed a necromancer
 11895 | D:10     | Killed a necromancer
 12483 | D:10     | Noticed a two-headed ogre
 12492 | D:10     | Killed a two-headed ogre
 12493 | D:10     | Reached skill level 5 in Dodging
 12493 | D:10     | Reached skill level 10 in Unarmed Combat
 13563 | Lair:1   | Entered Level 1 of the Lair of Beasts
 13650 | Lair:1   | Noticed Erica
 13689 | Lair:1   | Noticed a black mamba
 13734 | Lair:1   | HP: 3/84 [komodo dragon (21)]
 15734 | Lair:1   | Killed a black mamba
 16061 | Lair:1   | Reached XP level 11. HP: 81/92 MP: 13/17
 16399 | Lair:1   | Killed Erica
 16407 | Lair:1   | Identified the +2 robe of Roloecva {Str+4}
 16628 | Lair:1   | Reached skill level 11 in Unarmed Combat
 17029 | Lair:2   | Found a staircase to the Snake Pit.
 17065 | Lair:2   | Found a gate leading to a gauntlet.
 17074 | Gauntlet | Entered a Gauntlet
 17074 | Gauntlet | Found a transporter.
 17074 | Gauntlet | Found a transporter.
 17075 | Gauntlet | Noticed a death scarab
 17242 | Gauntlet | Found a transporter.
 17246 | Gauntlet | Found a transporter.
 17255 | Gauntlet | Found a transporter.
 17258 | Gauntlet | Found a transporter.
 17260 | Gauntlet | Noticed a death scarab
 17261 | Gauntlet | Noticed a death scarab
 17266 | Gauntlet | Found a transporter.
 17266 | Gauntlet | Found the ring of Shadows {Umbra +Inv Stlth+}
 17283 | Gauntlet | Found a transporter.
 17294 | Gauntlet | Noticed a reaper
 17298 | Gauntlet | Found a transporter.
 17302 | Gauntlet | Found a transporter.
 17310 | Gauntlet | Found a transporter.
 17314 | Gauntlet | Found a transporter.
 17504 | Gauntlet | Lost mutation: Your system is resistant to poisons. (rPois)
                  | [potion of mutation]
 17504 | Gauntlet | Lost mutation: You have sharp toenails. [potion of
                  | mutation]
 17504 | Gauntlet | Gained mutation: Your flesh is heat resistant. (rF+)
                  | [potion of mutation]
 17598 | Gauntlet | Identified the +0 pair of gloves "Osenefon" {-Tele Rampage
                  | Str+3}
 17795 | Gauntlet | Killed a reaper
 18161 | Gauntlet | Identified the +7 trident of Mayhem {speed, *Corrode +Blink
                  | Dex+3}
 18169 | Gauntlet | Identified the +1 cloak of Death Resistance {rPois Slay+3}
 18188 | Gauntlet | Noticed a minotaur
 18207 | Gauntlet | Slain by a minotaur

Illustrated notes

Levels and vault maps discovered:
D:1:      amcnicky_arrival_underground_garden, layout_basic,
          shapermc_ecumenical_altar_mp_vishouse
D:2:      layout_rooms, minmay_octomino_c4
D:3:      layout_rooms, minmay_joined_circles
D:4:      layout_basic, kennysheep_generic_room_12, uniq_sigmund
D:5:      layout_loops_corners, uniq_eustachio
D:6:      layout_rooms, minmay_misc_feat_secret_circle, guppyfry_shop_venom
D:7:      layout_loops_ring, minmay_temple_entry_glass,
          amcnicky_altar_lugonu_corruption, uniq_duvessa
D:8:      layout_loops_corners, lair_entry_dummy
D:9:      layout_long_grid, david_orc_1_choice
D:10:     layout_stronghold, jmf_multi_god_temple, eino_house_with_fridge
Lair:1:   layout_regular_city, infiniplex_staircase_pool, uniq_erica
Lair:2:   layout_regular_city, minmay_snake_entry_guardpost_large,
          gauntlet_entry_generic, grunt_megastairs_5
Gauntlet: minmay_gauntlet_77_indecision [minmay_gauntlet_arena_77_block_sizes,
          minmay_gauntlet_arena_77_squiggly, minmay_gauntlet_arena_77_checkered,
          minmay_gauntlet_arena_77_mess,
          minmay_gauntlet_arena_77_terracotta_army,
          minmay_gauntlet_arena_77_box, gauntlet_exit_hidden_loot]

Skill      XL: |  1  2  3  4  5  6  7  8  9 10 11 |
---------------+----------------------------------+-----
Fighting       | 1 2 4 5 7 |  7.8
Unarmed Combat | 3 4 5 6 7 9 10 11 | 11.8
Spellcasting   | 2 |  2.0
Transmutations | 2 3 4 5 6 7 9 |  9.1
Dodging        | 2 3 4 5 6 |  6.5
Armour         | 1 2 3 |  3.0
Ice Magic      | 3 |  3.0

Action                   |  1- 3 |  4- 6 |  7- 9 | 10-12 || total
-------------------------+-------+-------+-------+-------++-------
Melee: Unarmed           |   126 |   151 |   307 |   314 ||   898
       Headbutt          |    14 |    19 |    55 |    53 ||   141
       Kick              |    28 |    45 |    79 |    88 ||   240
       Punch             |     3 |     4 |    14 |    20 ||    41
Throw: Javelin           |       |       |       |     3 ||     3
 Cast: Beastly Appendage |    30 |    24 |    34 |    20 ||   108
       Wereblood         |     4 |     9 |    16 |    25 ||    54
       Ice Form          |       |       |       |    12 ||    12
Evoke: Wand              |       |       |       |     6 ||     6
       Condenser vane    |       |       |       |     1 ||     1
  Use: Scroll            |     3 |       |     2 |    21 ||    26
       Potion            |       |     1 |     8 |    11 ||    20
 Stab: Sleeping          |       |     4 |       |       ||     4
Armor: Robe              |    16 |       |       |       ||    16
       Leather armour    |     9 |    22 |    11 |     6 ||    48
       Skin              |       |     2 |    50 |     6 ||    58
       Ring mail         |       |       |    40 |       ||    40
       Steam dragon scal |       |       |     5 |    25 ||    30
Dodge: Dodged            |    84 |    64 |   145 |   204 ||   497
